 Dungeon Crawl Stone Soup version 0.31-a0-819-gf6de2f5ab6 (webtiles) character file.

Game seed: 17981527264955359120

121 Shayle the Trooper (level 5, -3/53 HPs)
             Began as an Ogre Hexslinger on Sept 23, 2023.
             Slain by a gnoll
             ... wielding a +0 halberd
              (12 damage)
             ... on level 3 of the Dungeon.
             The game lasted 00:02:52 (1940 turns).

Shayle the Trooper (Ogre Hexslinger)                Turns: 1940, Time: 00:02:52

Health: -3/53      AC:  4    Str: 12    XL:     5   Next: 5%
Magic:  8/8        EV: 10    Int: 16    God:
Gold:   18         SH:  0    Dex: 11    Spells: 8/8 levels left

rFire   . . .        i - +1 whip (elec)
rCold   . . .        (no shield)
rNeg    . . .        c - +0 robe
rPois   .            (helmet restricted)
rElec   .            k - +0 cloak
rCorr   .            (gloves unavailable)
SInv    .            (boots unavailable)
Will    .....        (no amulet)
Stlth   +            (no ring)
HPRegen 0.28/turn    (no ring)
MPRegen 0.11/turn

%: no passive effects
@: no status effects
A: large, unfitting armour, tough skin 1
a: no special abilities


You were on level 3 of the Dungeon.
You visited 1 branch of the dungeon, and saw 3 of its levels.

You collected 102 gold pieces.
You spent 84 gold pieces at shops.

Inventory:

Hand Weapons
 a - a +1 sling
 d - the +1 whip of the Stoat {speed, rN++ Int-2}
   (You took it off a hobgoblin on level 2 of the Dungeon)

   Int-2:     It affects your intelligence (-2).
   rN++:      It greatly protects you from negative energy.
 i - a +1 whip of electrocution (weapon)
Armour
 c - a +0 robe (worn)
 k - a +0 cloak (worn)
Scrolls
 b - 2 scrolls of poison
 e - a scroll of identify
 h - a scroll of acquirement {unknown}
 j - a scroll of teleportation {unknown}
 m - a scroll of brand weapon {unknown}
Potions
 f - a potion of enlightenment {unknown}
 g - a potion of invisibility {unknown}
 l - a potion of ambrosia {unknown}


   Skills:
 + Level 3.0 Fighting
 - Level 1.3 Ranged Weapons
 + Level 2.5 Dodging
 + Level 2.4 Spellcasting
 - Level 2.6 Hexes
 + Level 1.9 Fire Magic
 + Level 2.0 Invocations


You had 8 spell levels left.
You didn't know any spells.
Your spell library contained the following spells:

 Spells                   Type           Power      Damage    Failure   Level
 Jinxbite                 Hex            20%        N/A       10%         2
 Kiss of Death            Conj/Necr      4%         2d5       21%         1
 Magic Dart               Conj           4%         1d3       21%         1
 Confusing Touch          Hex            10%        N/A       21%         3
 Sigil of Binding         Hex            10%        N/A       21%         3
 Inner Flame              Hex/Fire       9%         N/A       22%         3
 Call Imp                 Summ           2%         N/A       30%         2
 Mephitic Cloud           Conj/Pois/Air  1%         N/A       52%         3
 Ozocubu's Armour         Ice            1%         N/A       52%         3
 Cause Fear               Hex            5%         N/A       54%         4
 Dimensional Bullseye     Hex/Tloc       3%         N/A       75%         4
 Dispel Undead            Necr           1%         3d6       89%         4
 Ozocubu's Refrigeration  Ice            0%         4d7       100%        7


Dungeon Overview and Level Annotations

Branches:
Dungeon (3/15)

Altars:

Shops:
D:2 *


Innate Abilities, Weirdness & Mutations

You are too large for most types of armour.
You have tough skin. (AC +1)


Message History

A gnoll comes into view. It is wielding a +0 halberd.
The gnoll shouts!
A gnoll comes into view. It is wielding a +0 whip.
There are monsters nearby!
There are monsters nearby!
A gnoll comes into view. It is wielding a +0 flail.
The gnoll shouts! x2; You hear a shout!
The gnoll attacks as it pursues you! The gnoll barely misses you.
A gnoll comes into view. It is wielding a +0 whip.
You see here a +0 sling.
The gnoll attacks as it pursues you!
The gnoll hits you from afar with a +0 halberd!
The gnoll hits you from afar with a +0 halberd.
The gnoll barely misses you.
You closely miss the gnoll. The gnoll closely misses you.
You hit the gnoll.
The gnoll is lightly wounded.
You hit the gnoll.
The gnoll is moderately wounded.
The gnoll hits you from afar with a +0 halberd!
You barely miss the gnoll.
The gnoll is moderately wounded.
The gnoll barely misses you. x2
The gnoll attacks as it pursues you!
The gnoll hits you from afar with a +0 halberd.
The gnoll attacks as it pursues you! The gnoll hits you with a +0 whip.
The gnoll attacks as it pursues you! The gnoll closely misses you.
The gnoll attacks as it pursues you! The gnoll closely misses you.
The gnoll attacks as it pursues you!
The gnoll hits you from afar with a +0 halberd!
* * * LOW HITPOINT WARNING * * *
The gnoll attacks as it pursues you! The gnoll hits you with a +0 whip.
* * * LOW HITPOINT WARNING * * *
The gnoll attacks as it pursues you! The gnoll barely misses you.
Okay, then.
There are no items here.
You see here a frilled lizard corpse.
The gnoll attacks as it pursues you!
The gnoll hits you from afar with a +0 halberd!
You die...

#.# #..... #......)
#.# #...########..
#.# #......# ###
#####.#####
#......######
#.........#
#............
#.###.###.#
##......###### #.#
#<# ##..g....#
#.###.#####......###
#.......@gg†g....#
#####.#######.####
#.# #.# #.# #.# ..#
#.# ### #.# #.# #.#
#.#


You could see 4 gnolls.

Vanquished Creatures
  Terence (D:2)
  Natasha (D:2)
  3 adders (D:2)
  A dart slug (D:1)
  4 ball pythons
  2 bats
  3 endoplasms (D:1)
  2 giant cockroaches
  3 goblins
  6 hobgoblins
  2 quokkas (D:1)
  8 frilled lizards
  6 kobolds
  2 rats
44 creatures vanquished.

Notes
Turn   | Place    | Note
-------+----------+-------------------------------------------
     0 | D:1      | Shayle the Ogre Hexslinger began the quest for the Orb.
     0 | D:1      | Reached XP level 1. HP: 19/19 MP: 2/2
    54 | D:1      | Reached skill level 1 in Fire Magic
   182 | D:1      | Reached XP level 2. HP: 28/28 MP: 4/4
   398 | D:1      | Reached skill level 2 in Fighting
   406 | D:1      | Reached skill level 1 in Invocations
   514 | D:1      | Reached XP level 3. HP: 35/35 MP: 5/5
  1046 | D:2      | Identified the +1 whip of the Stoat {speed, rN++ Int-2}
  1253 | D:2      | Reached XP level 4. HP: 44/44 MP: 7/7
  1336 | D:2      | Noticed Terence
  1343 | D:2      | Killed Terence
  1410 | D:2      | Found a faded altar of an unknown god.
  1528 | D:2      | Noticed Natasha
  1537 | D:2      | Killed Natasha
  1538 | D:2      | Reached XP level 5. HP: 24/52 MP: 8/8
  1632 | D:2      | Found Vavash's Assorted Antiques.
  1644 | D:2      | Bought a scroll labelled IJOCVE ICUATHROTZ for 28 gold
                  | pieces
  1644 | D:2      | Bought a scroll labelled XOTHRO JESMOEVU for 28 gold pieces
  1644 | D:2      | Bought a scroll labelled YNNARCH ODUPRI for 28 gold pieces
  1868 | D:3      | Reached skill level 3 in Fighting
  1940 | D:3      | Slain by a gnoll

Illustrated notes

Levels and vault maps discovered:
D:1:      grunt_arrival_lava_bath, layout_basic
D:2:      layout_basic, serial_shops, nicolae_shop_tiny_glass,
          hellmonk_ecumenical_altar_inner_sanctum, minmay_pentomino_x2,
          uniq_terence, uniq_natasha
D:3:      layout_loops_corners, slow_altar_1, kennysheep_potato

Skill      XL: |  1  2  3  4  5 |
---------------+----------------+-----
Fire Magic     | 1 |  1.9
Dodging        | 2 |  2.5
Fighting       | 2 3 |  3.0
Invocations    | 1 2 |  2.0
Spellcasting   | 2 |  2.4
Ranged Weapons | |  1.3
Hexes          | |  2.6

Action                     |  1- 3 |  4- 6 || total
---------------------------+-------+-------++-------
  Melee: Whip              |    34 |    34 ||    68
   Fire: Sling             |    59 |       ||    59
    Use: Scroll            |     4 |     1 ||     5
         Potion            |       |     1 ||     1
   Stab: Sleeping          |     1 |     1 ||     2
 Armour: Robe              |    41 |    37 ||    78
  Dodge: Dodged            |    24 |    18 ||    42

Table legend: (Time is in decaauts)
 A = Elapsed time spent in this place.
 B = Non-inter-level travel time spent in this place.
 C = Inter-level travel time spent in this place.
 D = Time resting spent in this place.
 E = Time spent auto-exploring this place.
 F = Levels seen in this place.
 G = Mean time per level.
                   A        B        C        D        E       F      G
               +--------+--------+--------+--------+--------+-----+--------+
         Total |   1982 |   1879 |    103 |     50 |   1449 |   3 |  660.7 |
       Dungeon |   1982 |   1879 |    103 |     50 |   1449 |   3 |  660.7 |
               +--------+--------+--------+--------+--------+-----+--------+

Top non-repeatable levels by time:
     D:2: 1008 daAuts
     D:1: 880 daAuts
     D:3: 93 daAuts
